 Dungeon Crawl Stone Soup version 0.28-a0-1518-gbe868bca14 (webtiles) character file.

Game seed: 2276857670125627315

463 cyrus the Chopper (level 6, -1/56 HPs)
             Began as a Minotaur Abyssal Knight on Jan 16, 2022.
             Was a Believer of Lugonu.
             Killed by divine providence
             ... invoked by an orc priest
              (11 damage)
             ... on level 6 of the Dungeon.
             The game lasted 00:26:43 (2733 turns).

cyrus the Chopper (Minotaur Abyssal Knight)         Turns: 2733, Time: 00:26:44

Health: -1/56      AC:  7    Str: 20    XL:     6   Next: 79%
Magic:  6/6        EV: 10    Int:  7    God:    Lugonu [**....]
Gold:   135        SH:  0    Dex: 10    Spells: 5/5 levels left

rFire   . . .      SeeInvis .   p - +1 broad axe
rCold   . . .      Faith    .   (no shield)
rNeg    . . .      Spirit   .   i - +0 scale mail
rPois   .          Reflect  .   (helmet restricted)
rElec   .          Harm     .   (no cloak)
rCorr   .          Rampage  .   (no gloves)
Will    .....                   (no boots)
Stlth   ..........              (no amulet)
HPRegen 0.18/turn               (no ring)
MPRegen 0.10/turn               (no ring)

@: no status effects
A: horns 2, retaliatory headbutt
a: Renounce Religion, Depart the Abyss, Bend Space


You were on level 6 of the Dungeon.
You worshipped Lugonu.
Lugonu was pleased with you.
You visited 2 branches of the dungeon, and saw 7 of its levels.
You visited the Abyss 1 time.

You collected 135 gold pieces.

Inventory:

Hand Weapons
 a - a +2 hand axe
 d - a +0 dagger
 e - a +0 short sword
 f - a +0 short sword
 g - a +0 rapier
 k - a +0 short sword
 l - a +0 war axe
 n - a +0 mace
 p - a +1 broad axe (weapon)
Missiles
 j - 16 stones (quivered)
 m - 9 arrows
 o - 4 poisoned darts
Armour
 b - a +0 leather armour
 i - a +0 scale mail (worn)
Scrolls
 h - a scroll of amnesia {unknown}


   Skills:
 + Level 5.5 Fighting
 + Level 5.9 Axes
 + Level 4.4 Armour
 + Level 2.6 Dodging
 + Level 0.5 Stealth
 + Level 2.0 Invocations


You had 5 spell levels left.
You didn't know any spells.
Your spell library contained the following spells:

 Spells                   Type           Power      Damage    Failure   Level
 Blink                    Tloc           0%         N/A       88%         2
 Lesser Beckoning         Tloc           0%         N/A       98%         3
 Manifold Assault         Tloc           0%         N/A       100%        5


Dungeon Overview and Level Annotations

Branches:
Dungeon (6/15)             Temple (1/1) D:4

Altars:
Ashenzari
Cheibriados
Dithmenos
Elyvilon
Fedhas
Gozag
Hepliaklqana
Kikubaaqudgha
Makhleb
Nemelex Xobeh
Okawaru
Qazlal
Sif Muna
Trog
Uskayaw
Vehumet
Xom
Yredelemnul
Zin
The Shining One

Shops:
D:2 *


Innate Abilities, Weirdness & Mutations

You have a pair of horns on your head.
You reflexively headbutt those who attack you in melee.


Message History

An ogre comes into view. It is wielding a +0 giant club.
The orc hits you but does no damage.
You slash the orc!
You kill the orc!
Lugonu accepts your kill.
The orc priest calls down the wrath of Beogh upon you.
Beogh smites you! The adder closely misses you.
You hear a croak.
You hear a shout!
You closely miss the orc. You hit the adder.
The orc hits you but does no damage. The adder bites you but does no damage.
You slash the adder!
You kill the adder!
Lugonu accepts your kill.
You closely miss the orc.
A shadow imp comes into view.
The orc hits you with a +0 mace.
You hit the orc wizard.
The orc wizard is lightly wounded.
You barely miss the orc.
The orc priest invokes the aid of Beogh against you.
Pain shoots through your body! The orc hits you with a +0 mace.
The shadow imp shouts, "Quit, thou lumpish tip-merry wastrel!"
The orc priest calls down the wrath of Beogh upon you.
Beogh smites you!
The orc wizard hits you but does no damage.
You slice the orc wizard!!
You kill the orc wizard!
Lugonu accepts your kill.
You hit the orc priest. You hit the orc but do no damage.
A bullfrog comes into view.
The orc priest invokes the aid of Beogh against you.
Beogh smites you!
* * * LOW HITPOINT WARNING * * *
The orc hits you with a +0 mace.
* * * LOW HITPOINT WARNING * * *
The orc priest hits you with a +0 flail.
* * * LOW HITPOINT WARNING * * *
The orc priest invokes the aid of Beogh against you.
Beogh smites you!
You die...

#..........###
####............##
###.#....#.##......#
####......###..#.###...
##........###.....#
##.. #....#...##
##......##..
##........# ####...###.
#.......#### ....#...
#.....@.ooo## ...#....
##....###O.5# ##..#...#
#.........#)..###.#.###
##...(...[#...# ...
#..............
#......#..........
##.....#.##.......
..... .. ....... ....
.. ..##...


You could see an ogre, 2 orc priests, a shadow imp and an orc.

Vanquished Creatures
  An ice beast (D:5)
  A phantom (D:4)
  A centaur zombie (D:6)
  A hound (D:6)
  2 jellies (D:6)
  An iguana (D:5)
  An orc wizard (D:6)
  3 adders
  4 gnolls (D:2)
  A shadow imp (D:6)
  An adder skeleton (D:4)
  A worm (D:4)
  2 dart slugs
  5 orcs
  3 bats
  3 endoplasms
  A giant cockroach (D:1)
  A goblin (D:1)
  4 hobgoblins
  3 quokkas (D:1)
  3 ball pythons
  4 frilled lizards (D:1)
  3 kobolds
  2 rats (D:1)
52 creatures vanquished.

Vanquished Creatures (others)
  2 fungi (D:1)
  4 plants (D:1)
6 creatures vanquished.

Grand Total: 58 creatures vanquished

Notes
Turn   | Place    | Note
-------+----------+-------------------------------------------
     0 | Abyss:1  | cyrus the Minotaur Abyssal Knight began the quest for the
                  | Orb.
     0 | Abyss:1  | Reached XP level 1. HP: 19/19 MP: 1/1
    91 | Abyss:1  | Noticed a large abomination
    95 | D:1      | Escaped the Abyss
   272 | D:1      | Reached XP level 2. HP: 27/27 MP: 2/2
   341 | D:1      | Found a faded altar of an unknown god.
   850 | D:2      | Reached ** piety under Lugonu
   945 | D:2      | Reached XP level 3. HP: 28/34 MP: 3/3
  1321 | D:2      | Reached XP level 4. HP: 37/41 MP: 4/4
  1765 | D:2      | Found Cutaaq's General Store.
  1822 | D:2      | Reached skill level 5 in Fighting
  1931 | D:4      | Found an ancient bone altar of Kikubaaqudgha.
  1936 | D:4      | Found an opulent altar of Gozag.
  1946 | D:4      | Found a shadowy altar of Dithmenos.
  1946 | D:4      | Found a basalt altar of Yredelemnul.
  1946 | D:4      | Found a bloodstained altar of Trog.
  1953 | D:4      | Found a shimmering altar of Xom.
  1961 | D:4      | Found a broken altar of Ashenzari.
  1987 | D:4      | Found a staircase to the Ecumenical Temple.
  2146 | D:4      | Noticed a phantom
  2154 | D:4      | Killed a phantom
  2155 | D:4      | Reached XP level 5. HP: 33/48 MP: 5/5
  2193 | Temple   | Entered the Ecumenical Temple
  2354 | D:5      | Entered Level 5 of the Dungeon
  2459 | D:5      | Noticed an ice beast
  2471 | D:5      | Killed an ice beast
  2472 | D:5      | Reached XP level 6. HP: 37/56 MP: 6/6
  2651 | D:6      | Reached skill level 5 in Axes
  2733 | D:6      | Killed from afar by an orc priest

Illustrated notes

Levels and vault maps discovered:
D:1:      minmay_arrival_jagged, layout_basic,
          shapermc_ecumenical_altar_mp_ritualfount, serial_co_window_serial,
          co_window_corner_a, co_window_of_opportunity_a, co_window_paths_a,
          co_window_corner_a, co_window_paths_a, co_window_of_opportunity_a,
          co_window_paths_c, co_window_corner_b, co_window_paths_c,
          co_window_broadway_a, glass_columns_c, chequers_serial_rivers_small_3,
          minmay_pentomino_q2
D:2:      layout_basic, serial_shops, nicolae_shop_hallway_plus, basic_altar,
          minmay_quadrilaterals
D:3:      layout_basic
D:4:      layout_loops_corners, minitemple, minmay_temple_entry_butterflies,
          minmay_statues_item
D:5:      layout_basic, moated_statue, chequers_garden
D:6:      layout_cave_pools, serial_column_ruins, column_ruins_circle_medium,
          column_ruins_grid_4, column_ruins_grid_4, column_ruins_columns_corner
Temple:   nicolae_temple_god_jail

Skill      XL: |  1  2  3  4  5  6 |
---------------+-------------------+-----
Fighting       | 4 5 |  5.5
Invocations    | 2 |  2.0
Armour         | 3 4 |  4.4
Axes           | 3 4 5 |  5.9
Dodging        | 2 |  2.6
Stealth        | |  0.5

Action                   |  1- 3 |  4- 6 || total
-------------------------+-------+-------++-------
Melee: Hand axe          |    61 |    17 ||    78
       Headbutt          |    16 |    12 ||    28
       Punch             |     1 |       ||     1
       War axe           |       |    45 ||    45
       Broad axe         |       |    17 ||    17
Throw: Stone             |       |     1 ||     1
  Use: Scroll            |     1 |     1 ||     2
Armor: Leather armour    |     9 |       ||     9
       Scale mail        |     2 |    33 ||    35
Dodge: Dodged            |    38 |    47 ||    85

Table legend: (Time is in decaauts)
 A = Elapsed time spent in this place.
 B = Non-inter-level travel time spent in this place.
 C = Inter-level travel time spent in this place.
 D = Time resting spent in this place.
 E = Time spent auto-exploring this place.
 F = Levels seen in this place.
 G = Mean time per level.
                   A        B        C        D        E       F      G
               +--------+--------+--------+--------+--------+-----+--------+
         Total |   2765 |   2745 |     20 |    962 |      0 |   8 |  345.6 |
       Dungeon |   2565 |   2545 |     20 |    901 |      0 |   6 |  427.5 |
        Temple |    104 |    104 |      0 |      0 |      0 |   1 |  104.0 |
         Abyss |     95 |     95 |      0 |     61 |      0 |   1 |   95.0 |
               +--------+--------+--------+--------+--------+-----+--------+

Top non-repeatable levels by time:
     D:1: 1147 daAuts
     D:2: 612 daAuts
     D:4: 331 daAuts
     D:5: 260 daAuts
     D:6: 129 daAuts
  Temple: 104 daAuts
 Abyss:1: 95 daAuts
     D:3: 84 daAuts
